 Dungeon Crawl Stone Soup version 0.27.1-33-g824d729ab1 (webtiles) character file.

Game seed: 15061132211363887214

50 pkoi the Ruffian (level 3, 0/29 HPs)
             Began as a Draconian Gladiator on Dec 7, 2021.
             Was a Follower of Sif Muna.
             Killed from afar by a dart slug (4 damage)
             ... with a slug dart
             ... on level 3 of the Dungeon.
             The game lasted 00:02:10 (1245 turns).

pkoi the Ruffian (Draconian Gladiator)              Turns: 1245, Time: 00:02:11

Health: 0/29       AC:  5    Str: 16    XL:     3   Next: 55%
Magic:  0/3        EV: 13    Int:  9    God:    Sif Muna [*.....]
Gold:   31         SH:  0    Dex: 18    Spells: 2/2 levels left

rFire    . . .     SeeInvis .     - Unarmed
rCold    . . .     Faith    .   (no shield)
rNeg     . . .     Spirit   +   (armour unavailable)
rPois    .         Reflect  .   a - +0 hat
rElec    .         Harm     .   (no cloak)
rCorr    .         Rampage  .   (no gloves)
Will     .....                  (no boots)
Stlth    ++........             k - amulet of guardian spirit
HPRegen  0.09/turn              f - +6 ring of dexterity
MPRegen  0.08/turn              (no ring)

@: no status effects
A: AC +5, unfitting armour, cold-blooded
a: Renounce Religion, Channel Magic


You were on level 3 of the Dungeon.
You worshipped Sif Muna.
Sif Muna was aware of your devotion.
You visited 1 branch of the dungeon, and saw 3 of its levels.

You collected 31 gold pieces.

Inventory:

Hand Weapons
 i - a +4 dagger
Missiles
 b - 3 throwing nets (quivered)
Armour
 a - a +0 hat (worn)
Jewellery
 f - a +6 ring of dexterity (left hand)
 k - an amulet of guardian spirit (around neck)
Scrolls
 g - a scroll of enchant weapon {unknown}
 h - a scroll of identify {unknown}
 j - a scroll of noise {unknown}
 l - a scroll of amnesia {unknown}
Potions
 c - 3 potions of curing {unknown}
 d - 2 potions of flight {unknown}
 e - a potion of heal wounds {unknown}


   Skills:
 - Level 2.1 Fighting
 - Level 1.7 Throwing
 - Level 2.6 Dodging
 + Level 4.6 Unarmed Combat


You had 2 spell levels left.
You didn't know any spells.
Your spell library contained the following spells:

 Spells                   Type           Power      Damage    Failure   Level
 Magic Dart               Conj           0%         1d3       38%         1
 Call Imp                 Summ           0%         N/A       52%         2
 Mephitic Cloud           Conj/Pois/Air  0%         N/A       77%         3


Dungeon Overview and Level Annotations

Branches:
Dungeon (2/15)

Altars:
Sif Muna


Innate Abilities, Weirdness & Mutations

Your plain brown scales are hard. (AC +5)
You cannot fit into any form of body armour.
You are cold-blooded and may be slowed by cold attacks.


Message History

Terence barely misses you.
You hit Terence.
Terence is severely wounded.
Terence completely misses you.
You completely miss Terence.
Terence is severely wounded.
Terence bares his teeth.
Terence hits you with a +0 hand axe!
You hit Terence but do no damage.
Terence is severely wounded.
Terence hits you with a +0 hand axe.
You barely miss Terence.
Terence is severely wounded.
Terence barely misses you.
You hit Terence.
Your tail-slap misses Terence.
You punch Terence, but do no damage.
Terence is almost dead.
Terence hits you with a +0 hand axe!
* * * LOW HITPOINT WARNING * * *
You hit Terence but do no damage.
Terence is almost dead.
Terence closely misses you.
You hit Terence.
You kill Terence!
Sif Muna accepts your kill.
You have reached level 3!
Your experience leads to an increase in your attributes!
Your base attributes are Str 16, Int 8, Dex 12.
Increase (S)trength, (I)ntelligence, or (D)exterity?
You feel clever.
Your scales feel tougher.
The dart slug launches a dart at you. The slug dart hits you.
* * * LOW HITPOINT WARNING * * *
Things that are here:
a +0 hand axe; a +0 chain mail; a ruby potion You hit the dart slug.
The dart slug is heavily wounded.
The dart slug launches a dart at you. The slug dart hits you.
You die...

#.# ##.## ##...##
#.....# ##...##
##.###########
..#####.###........
.......w......#####
#######@###...# #.#
##### #.# #.# #.#
.######.#########
...........##...#
.####.#..#.##...########
#....#..............


You could see a dart slug.

Vanquished Creatures
  Terence (D:3)
  A dart slug (D:1)
  3 ball pythons (D:1)
  3 endoplasms (D:1)
  2 giant cockroaches (D:1)
  A goblin (D:1)
  2 hobgoblins (D:1)
  2 quokkas
  3 bats (D:1)
  3 frilled lizards
  3 kobolds (D:1)
  A rat (D:1)
25 creatures vanquished.

Notes
Turn   | Place    | Note
-------+----------+-------------------------------------------
     0 | D:1      | pkoi the Draconian Gladiator began the quest for the Orb.
     0 | D:1      | Reached XP level 1. HP: 17/17 MP: 1/1
   291 | D:1      | Reached XP level 2. HP: 13/24 MP: 2/2
   538 | D:1      | Found a faded altar of an unknown god.
   555 | D:1      | Became a worshipper of Sif Muna the Loreminder
   555 | D:1      | Reached * piety under Sif Muna
   884 | D:1      | Reached skill level 4 in Unarmed Combat
  1149 | D:2      | You fall into a shaft and drop 1 floor!
  1207 | D:3      | Noticed Terence
  1243 | D:3      | Killed Terence
  1244 | D:3      | Reached XP level 3. HP: 7/29 MP: 0/3
  1245 | D:3      | Killed from afar by a dart slug

Illustrated notes

Levels and vault maps discovered:
D:1:      dpeg_arrival_erosion, layout_rooms,
          hellmonk_ecumenical_altar_lost_god, chequers_serial_rivers_micro_c
D:2:      layout_rooms, basic_altar, serial_shops, shop
D:3:      layout_loops_corners, nemelex_spade_bored_becter, uniq_terence

Skill      XL: |  1  2 |
---------------+-------+-----
Unarmed Combat | 4 |  4.6
Fighting       | |  2.1
Throwing       | |  1.7
Dodging        | |  2.6

Action                   || total
-------------------------++-------
Melee: Unarmed           ||    93
       Tailslap          ||    15
       Punch             ||     1
Armor: Skin              ||    19
Dodge: Dodged            ||    61
